 Dungeon Sprint DCSS version 0.28.0-43-g3370ac3207 (webtiles) character file.

Game seed: 1110716749306308278

188 boopmooplesden the Carver (level 5, 0/56 HPs)
             Began as a Minotaur Berserker on Mar 10, 2022.
             Was a Believer of Trog.
             Slain by a scorpion (9 damage)
             ... in the Dungeon (Sprint II: "The Violet Keep of Menkaure").
             The game lasted 00:00:22 (286 turns).

boopmooplesden the Carver (Minotaur Berserker)       Turns: 286, Time: 00:00:22

Health: 0/56       AC:  2    Str: 23    XL:     5   Next: 39%
Magic:  4/4        EV: 13    Int:  4    God:    Trog [**....]
Gold:   243        SH:  0    Dex: 10    Spells: 4/4 levels left

rFire   . . .      SeeInvis .   a - +0 falchion
rCold   . . .      Faith    .   (no shield)
rNeg    . . .      Spirit   .   b - +0 animal skin
rPois   .          Reflect  .   (helmet restricted)
rElec   .          Harm     .   (no cloak)
rCorr   .          Rampage  .   (no gloves)
Will    .....      NoTele   +   (no boots)
Stlth   +.........              (no amulet)
HPRegen 0.18/turn               (no ring)
MPRegen 0.09/turn               (no ring)

@: lethally poisoned (0 -> -3), on berserk cooldown, slowed, very slow
A: horns 2, retaliatory headbutt
a: Renounce Religion, Berserk, Trog's Hand


You were in the Dungeon.
You worshipped Trog.
Trog was pleased with you.
You visited 1 branch You collected 243 gold pieces.

Inventory:

Hand Weapons
 a - a +0 falchion (weapon)
Armour
 b - a +0 animal skin (worn)
Scrolls
 h - a scroll of blinking
Potions
 c - a potion of curing
 d - a potion of heal wounds
 e - a potion of haste
 f - 2 potions of magic
 g - a potion of berserk rage


   Skills:
 + Level 8.9 Fighting
 + Level 9.4 Long Blades
 + Level 4.7 Armour
 + Level 4.4 Dodging
 + Level 0.9 Stealth


You had 4 spell levels left.
You didn't know any spells.
Your spell library was empty.

Dungeon Overview and Level Annotations

Branches:
Dungeon (1/1)

Altars:


Innate Abilities, Weirdness & Mutations

You have a pair of horns on your head.
You reflexively headbutt those who attack you in melee.


Message History

The scorpion poisons you!
You closely miss the scorpion.
The scorpion is severely wounded.
You feel sick. The scorpion stings you!
You closely miss the scorpion.
The scorpion is severely wounded.
You feel sick.
You completely miss the scorpion. Your headbutt misses the scorpion.
The scorpion is severely wounded.
You feel sick. The scorpion stings you!
* * * LOW HITPOINT WARNING * * *
You hit the scorpion. Your headbutt misses the scorpion.
The scorpion is almost dead.
You feel sick. The scorpion stings you.
* * * LOW HITPOINT WARNING * * *
You slash the scorpion!
You kill the scorpion!
Trog accepts your kill.
You feel sick.
Your Fighting skill gained 2 levels and is now at level 8!
Your Long Blades skill increases to level 8!
Your Armour skill increases to level 4!
Your Dodging skill increases to level 4!
You feel sick. The scorpion misses you.
There is an open door here.
Things that are here:
a scorpion corpse; a scorpion corpse You slash the scorpion!
Your headbutt misses the scorpion.
The scorpion is heavily wounded.
The scorpion misses you. You furiously retaliate!
You headbutt the scorpion!
You kill the scorpion!
Trog accepts your kill.
Your Long Blades skill increases to level 9!
You have reached level 5!
You closely miss the scorpion.
You are no longer berserk.
You are exhausted.
You feel yourself slow down.
You feel sick.
You hit the scorpion but do no damage.
You feel sick. The scorpion stings you!
You die...

#+##
###..##
#.##..#
#.#.####
#'###.#
##.##s.#
+.<.@#
##.##..#
#+# #.#
##


You could see a scorpion.

Vanquished Creatures
  3 scorpions (D)
  3 worms (D)
6 creatures vanquished.

Notes
Turn   | Place    | Note
-------+----------+-------------------------------------------
     0 | D        | boopmooplesden the Minotaur Berserker began the quest for
                  | the Orb.
     0 | D        | Reached XP level 1. HP: 19/19 MP: 0/0
     7 | D        | Reached skill level 4 in Long Blades
    11 | D        | HP: 1/22 [worm (9)]
    14 | D        | Reached ** piety under Trog
    15 | D        | Reached XP level 2. HP: 2/28 MP: 1/1
   268 | D        | Noticed a scorpion
   268 | D        | Noticed a scorpion
   268 | D        | Noticed a scorpion
   268 | D        | Noticed a scorpion
   273 | D        | Killed a scorpion
   274 | D        | Reached skill level 7 in Long Blades
   274 | D        | Reached XP level 3. HP: 38/38 MP: 2/2
   274 | D        | Reached XP level 4. HP: 45/45 MP: 3/3
   282 | D        | Killed a scorpion
   283 | D        | Reached skill level 8 in Long Blades
   284 | D        | Killed a scorpion
   285 | D        | Reached skill level 9 in Long Blades
   285 | D        | Reached XP level 5. HP: 16/56 MP: 4/4
   286 | D        | Slain by a scorpion

Illustrated notes

Levels and vault maps discovered:
D:        the_violet_keep_of_menkaure [sprint2_stairs_cluster_1,
          sprint2_shoproom, sprint2_temple, sprint2_basic_supplies,
          sprint2_obstacle_2, sprint2_obstacle_5, sprint2_obstacle_6,
          sprint2_obstacle_3, sprint2_obstacle_1, sprint2_timed_cluster_1,
          sprint2_smallroom_cluster_1, sprint2_smallroom_final_cluster_1,
          sprint2_transparent_cluster_1, sprint2_second_timed_cluster_1,
          sprint2_sniper_area_1, sprint2_heavy_combat_area_1,
          sprint2_mutation_trap_area_1, sprint2_forest_area_1,
          sprint2_light_combat_area_1, sprint2_behind_water_1,
          sprint2_near_end_vault_1]

Skill      XL: |  1  2  3  4 |
---------------+-------------+-----
Fighting       | 4 6 8 |  8.9
Long Blades    | 4 7 9 |  9.4
Armour         | 3 4 |  4.7
Dodging        | 3 4 |  4.4
Stealth        | |  0.9

Action                   |  1- 3 |  4- 6 || total
-------------------------+-------+-------++-------
Melee: Falchion          |    10 |    12 ||    22
       Headbutt          |     4 |     1 ||     5
Invok: Berserk           |     1 |       ||     1
Armor: Animal skin       |     2 |       ||     2
Dodge: Dodged            |     3 |     3 ||     6
